 Dungeon Crawl Stone Soup version 0.18-a0-1745-gffa9a88 (webtiles) character file.

734 M4edhros the Fungal (level 7, -2/64 HPs)
             Began as an Octopode Artificer on Apr 12, 2016.
             Was an Initiate of Fedhas.
             Slain by a giant frog (4 damage)
             ... on level 5 of the Dungeon.
             The game lasted 00:05:41 (4059 turns).

M4edhros the Fungal (Octopode Artificer)            Turns: 4059, Time: 00:05:41

Health: -2/64      AC:  1    Str: 15    XL:     7   Next: 74%
Magic:  11/11      EV: 12    Int: 14    God:    Fedhas [......]
Gold:   259        SH:  0    Dex: 15    Spells: 0 memorised, 6 levels left

rFire  x . .     SeeInvis .     g - +0 scythe (freeze)
rCold  + . .     Gourm    .     (shield currently unavailable)
rNeg   . . .     Faith    .     (helmet restricted)
rPois  +         Spirit   .     i - amulet of regeneration
rElec  .         Dismiss  .     k - ring of ice
rCorr  .         Reflect  .     r - ring of poison resistance
SustAt .         Harm     .     (no ring)
MR     .....                    (no ring)
Stlth  ..........               (no ring)
                                (no ring)
                                (no ring)
                                (no ring)

@: berserking, very quick, not resistant to hostile enchantments, extremely
unstealthy
A: almost no armour, amphibious, 8 rings, constrict 8, camouflage 1, gelatinous
body 1
a: Renounce Religion


You were on level 5 of the Dungeon.
You worshipped Fedhas.
Fedhas was noncommittal.
You were not hungry.

You visited 1 branch of the dungeon, and saw 6 of its levels.

You collected 259 gold pieces.

Inventory:

Hand Weapons
 a - a +0 short sword
 g - a +0 scythe of freezing (weapon)
 u - a +0 hunting sling
Missiles
 h - 130 stones (quivered)
 v - 28 sling bullets
Jewellery
 i - an amulet of regeneration (around mantle)
 k - a ring of ice (left tentacle)
 r - a ring of poison resistance (right tentacle)
Wands
 b - a wand of flame (15/48)
 c - a wand of enslavement (12/24)
 d - a wand of random effects (15/48)
 x - a wand of enslavement (10/24)
Scrolls
 e - a scroll of amnesia {unknown}
 m - a scroll of immolation {unknown}
 o - 2 scrolls of enchant weapon
 p - 4 scrolls of identify
 t - a scroll of remove curse
Potions
 n - 2 potions of cure mutation
Books
 l - a book of Clouds

   Spells                             Type                      Level
   a - Mephitic Cloud                 Conjuration/Poison/Air       3
   b - Conjure Flame                  Conjuration/Fire             3
   c - Poisonous Cloud                Conjuration/Poison/Air       6
   d - Freezing Cloud                 Conjuration/Ice/Air          6
   e - Ring of Flames                 Charms/Fire                  7
Comestibles
 f - 6 bread rations
 q - a meat ration
 s - 2 slices of pizza


   Skills:
 - Level 1.0 Fighting
 - Level 1.0 Short Blades
 - Level 1.7 Polearms
 * Level 3.9 Slings
 - Level 2.0 Dodging
 - Level 4.5 Stealth
 + Level 6.5 Invocations
 - Level 3.2 Evocations


You had 6 spell levels left.
You didn't know any spells.

Dungeon Overview and Level Annotations

Branches:
Dungeon (6/15)
 Temple: D:4-7

Altars:
Cheibriados
Fedhas
Pakellas
Ru
The Shining One

Shops:
D:4 =   D:5 %


Innate Abilities, Weirdness & Mutations

You cannot wear most types of armour.
You are amphibious.
You can wear up to eight rings at the same time.
You can use your tentacles to constrict eight enemies at once.
Your skin changes colour to match your surroundings (Stealth).
Your rubbery body absorbs attacks (AC +1).


Message History

* * * LOW HITPOINT WARNING * * *
You closely miss the orc priest. You grab the orc priest.
You constrict the orc priest. The giant frog closely misses you.
The orc wizard hits you with a dagger.
* * * LOW HITPOINT WARNING * * *
The giant frog closely misses you. The orc priest hits you.
* * * LOW HITPOINT WARNING * * *
Unknown command.
You hit the orc priest. You freeze the orc priest.
The orc priest is severely wounded.
You constrict the orc priest. The giant frog closely misses you.
The orc wizard barely misses you. The giant frog barely misses you.
The orc priest barely misses you.
Unknown command.
Unknown command.
You slash the orc priest! You freeze the orc priest.
You kill the orc priest!
The giant frog hits you.
You die...
Fedhas appreciates your contribution to the ecosystem.

.....# #.#
#..)....#..######...
#.##.# #.#
#.[)...^##..# #.#.
#.##.###.#
#......####.### ###.
#.##.#)..# ##.....#
#...# #. #.##..####
##.#...# #...# #.
#.######## ###..##..#
###.# #. #..# ##.#
#.......##### #.# #.
##.# ##..#
#...........# #.#####.
#####...#
##..F@..###.###...##..
#####....#####.o†..#
#..##.#....#
......#..#.###.....#
##.##.######
.#######.._.##.....#
#..#.#
......#..#.###....##
##.#.### #####....###
####.# #.....#
######...# #.#
##....## ...####..####
#.# ###...#
....####.##.## ##.#
##..###


You could see a giant frog and an orc wizard.

Vanquished Creatures
  Sigmund (D:3)
  An ogre (D:5)
  A centaur (D:5)
  An orc wizard (D:5)
  2 orc priests
  2 iguanas
  3 worker ants
  Robin (D:3)
  7 adders
  5 oozes
  2 worms
  A dart slug (D:3)
  4 giant geckos
  3 orcs (D:5)
  3 giant cockroaches
  9 goblins
  15 hobgoblins
  2 quokkas
  A ball python (D:4)
  5 bats
  A giant gecko skeleton (D:4)
  3 giant newts
  A jackal skeleton (D:5)
  8 kobolds
  12 rats
94 creatures vanquished.

Vanquished Creatures (collateral kills)
  An adder (D:2)
  A giant cockroach (D:2)
  2 kobolds (D:2)
  A rat (D:2)
5 creatures vanquished.

Vanquished Creatures (others)
  2 toadstools (D:5)
2 creatures vanquished.

Grand Total: 101 creatures vanquished

Notes
Turn   | Place    | Note
--------------------------------------------------------------
     0 | D:1      | M4edhros the Octopode Artificer began the quest for the Orb.
     0 | D:1      | Reached XP level 1. HP: 13/13 MP: 3/3
   231 | D:1      | Reached XP level 2. HP: 15/18 MP: 4/4
   399 | D:2      | Found a faded altar to an unknown god.
   434 | D:2      | Became a worshipper of the Shining One
   434 | D:2      | Reached * piety under the Shining One
   445 | D:2      | Reached XP level 3. HP: 13/23 MP: 5/5
  1052 | D:1      | Reached skill level 1 in Invocations
  1278 | D:2      | Reached XP level 4. HP: 5/28 MP: 6/6
  1452 | D:2      | Reached skill level 2 in Invocations
  2132 | D:3      | Noticed Sigmund
  2146 | D:3      | Killed Sigmund
  2146 | D:3      | Reached skill level 5 in Invocations
  2146 | D:3      | Reached XP level 5. HP: 29/33 MP: 6/8
  2146 | D:3      | Reached XP level 6. HP: 34/38 MP: 6/9
  2160 | D:3      | Noticed Robin
  2348 | D:3      | Killed Robin
  2402 | D:3      | Found an oddly glowing altar of Pakellas.
  2530 | D:3      | Reached skill level 1 in Polearms
  2632 | D:3      | Found a snail-covered altar of Cheibriados.
  2915 | D:4      | Found Idehuji's Jewellery Emporium.
  3318 | D:4      | Found a sacrificial altar of Ru.
  3444 | D:4      | Reached skill level 1 in Slings
  3581 | D:5      | Entered Level 5 of the Dungeon
  3618 | D:5      | Reached skill level 6 in Invocations
  3618 | D:5      | Reached XP level 7. HP: 43/43 MP: 11/11
  3729 | D:5      | Found Ytimp's Food Boutique.
  3799 | D:5      | Found a blossoming altar of Fedhas.
  3817 | D:5      | Found a glowing golden altar of the Shining One.
  3864 | D:5      | Fell from the grace of the Shining One
  3864 | D:5      | Became a worshipper of Fedhas Madash
  4057 | D:5      | HP: 3/64 [orc wizard/dagger (2)]
  4057 | D:5      | HP: 1/64 [orc priest (2)]
  4059 | D:5      | Slain by a giant frog

Vault maps used:
D:1:      lemuel_arrival_river_bridge, corexii_hall_statues_x
D:2:      ecumenical_altar_2, minivault_14, grunt_ministairs_2
D:3:      cheibriados_altar_1, grunt_pakellas_basics, uniq_robin, uniq_sigmund
D:4:      nicolae_ru_the_path_less_chosen, serial_shops, shop, first_bread,
          glass_columns_a
D:5:      nicolae_tso_swordbearing_angel, nicolae_overflow_crystal_walls,
          serial_shops, shop
D:6:      minmay_temple_entry_fiery, abandoned_shop

Skill      XL: |  1  2  3  4  5  6  7 |
---------------+----------------------+-----
Stealth        | 2 4 |  4.5
Invocations    | 1 5 6 |  6.5
Polearms       | 1 |  1.7
Slings         | 2 3 |  3.9
Fighting       | |  1.0
Short Blades   | |  1.0
Dodging        | |  2.0
Evocations     | |  3.2

Action                   |  1- 3 |  4- 6 |  7- 9 || total
-------------------------+-------+-------+-------++-------
Melee: Short sword       |    58 |    57 |       ||   115
       Hand axe          |     5 |       |       ||     5
       Scythe            |       |    47 |    25 ||    72
Evoke: Wand              |     3 |       |       ||     3
  Use: Potion            |     3 |     2 |     7 ||    12
       Scroll            |     4 |       |       ||     4
 Stab: Distracted        |     1 |       |       ||     1
       Sleeping          |     4 |     6 |     2 ||    12
  Eat: Chunk             |       |     5 |     3 ||     8
       Royal jelly       |       |     1 |       ||     1
       Pizza             |       |     1 |       ||     1
